 Dungeon Crawl Stone Soup version 0.31-a0-44-g49d609d0da (webtiles) character file.

Game seed: 10630802242655862525

5 porpoise the Shooter (level 1, 0/12 HPs)
             Began as a Kobold Hexslinger on May 21, 2023.
             Slain by a quokka (1 damage)
             ... on level 1 of the Dungeon.
             The game lasted 00:01:36 (508 turns).

porpoise the Shooter (Kobold Hexslinger)             Turns: 508, Time: 00:01:39

Health: 0/12       AC:  2    Str:  7    XL:     1   Next: 88%
Magic:  0/2        EV: 15    Int: 14    God:
Gold:   38         SH:  0    Dex: 15    Spells: 1/2 levels left

rFire   . . .        a - +1 sling
rCold   . . .        (no shield)
rNeg    . . .        c - +0 robe
rPois   .            (no helmet)
rElec   .            (no cloak)
rCorr   .            (no gloves)
SInv    .            (no boots)
Will    .....        f - amulet of the acrobat
Stlth   +++          (no ring)
HPRegen 0.22/turn    (no ring)
MPRegen 0.08/turn

%: acrobat
@: no status effects
A: small, no large weapons, nightstalker 3
a: no special abilities


You were on level 1 of the Dungeon.
You visited 1 branch of the dungeon, and saw 1 of its levels.

You collected 38 gold pieces.

Inventory:

Hand Weapons
 a - a +1 sling (weapon)
Missiles
 d - 6 poisoned darts
Armour
 c - a +0 robe (worn)
Jewellery
 f - an amulet of the acrobat (around neck)
Scrolls
 b - a scroll of poison
 e - a scroll of fear {unknown}


   Skills:
 + Level 1.3 Fighting
 * Level 3.1 Ranged Weapons
 - Level 2.4 Dodging
 + Level 0.7 Stealth
 - Level 1.1 Spellcasting
 - Level 3.0 Hexes


You had one spell level left.
You knew the following spells:

 Your Spells              Type           Power      Damage    Failure   Level
a - Slow                  Hex            36%        N/A       8%          1

Your spell library contained the following spells:

 Spells                   Type           Power      Damage    Failure   Level
 Inner Flame              Hex/Fire       4%         N/A       38%         3
 Portal Projectile        Hex/Tloc       8%         N/A       38%         3
 Cause Fear               Hex            4%         N/A       58%         4


Dungeon Overview and Level Annotations

Branches:
Dungeon (1/15)

Altars:


Innate Abilities, Weirdness & Mutations

You are small and have problems with some larger weapons.
You are completely attuned to the shadows.


Message History

You shoot a sling bullet.
The sling bullet closely misses the quokka.
The quokka closely misses you.
You shoot a sling bullet. The sling bullet hits the quokka.
You kill the quokka!
No target in view!
You open the door.
A quokka comes into view.
You shoot a sling bullet.
The sling bullet closely misses the quokka.
You shoot a sling bullet. The sling bullet hits the quokka.
The quokka is almost dead.
The quokka bites you.
You shoot a sling bullet.
The sling bullet hits the quokka but does no damage.
The quokka is almost dead.
The quokka bites you. The quokka barely misses you.
You shoot a sling bullet.
The sling bullet closely misses the quokka.
The quokka bites you.
You are too injured to fight recklessly!
You are too injured to fight recklessly!
Aiming: Slow (safe; 8% risk of failure)
Press: ? - help, Q - select action, (/) - cycle Shift-Dir - straight line, f/p - quokka
Aim: a quokka (almost dead, chance to affect: 61%)
The quokka resists with significant effort.
The quokka closely misses you. x2
Aiming: Slow (safe; 8% risk of failure)
Press: ? - help, Q - select action, (/) - cycle Shift-Dir - straight line, f/p - quokka
Aim: a quokka (almost dead, chance to affect: 61%)
The quokka resists with significant effort.
The quokka bites you.
* * * LOW HITPOINT WARNING * * *
Fire: a) +1 sling
Press: ? - help, Q - select action, (/) - cycle Shift-Dir - straight line, f/p - quokka
Aim: a quokka (almost dead, 46% to hit)
You shoot a sling bullet.
The sling bullet closely misses the quokka.
The quokka bites you.
You die...

#.####.# #......# #.#
#.# #......# #.# #.#
#......# #.# #.#
#......# #.# #.#
#......# #.# #.#
#......# ## #.# #.#
#......#
...#.####.####......#
...r@...#............
...#.##.#............
.. #.# ######......#
# #.# ......... #.#
######### ..


You could see a quokka.

Vanquished Creatures
  A goblin (D:1)
  A kobold (D:1)
  A quokka (D:1)
  A bat (D:1)
  A frilled lizard (D:1)
5 creatures vanquished.

Notes
Turn   | Place    | Note
-------+----------+-------------------------------------------
     0 | D:1      | porpoise the Kobold Hexslinger began the quest for the Orb.
     0 | D:1      | Reached XP level 1. HP: 12/12 MP: 2/2
   508 | D:1      | Slain by a quokka

Illustrated notes

Levels and vault maps discovered:
D:1:      arrival_zaba_pyramid, layout_basic, basic_ecumenical_altar,
          lemuel_flame_loot_1

Skill      XL: |  1 |
---------------+----+-----
Ranged Weapons | 3 |  3.1
Fighting       | |  1.3
Dodging        | |  2.4
Stealth        | |  0.7
Spellcasting   | |  1.1
Hexes          | |  3.0

Action                     || total
---------------------------++-------
   Fire: Sling             ||    29
   Cast: Slow              ||     2
 Armour: Robe              ||     1
  Dodge: Dodged            ||    20

Table legend: (Time is in decaauts)
 A = Elapsed time spent in this place.
 B = Non-inter-level travel time spent in this place.
 C = Inter-level travel time spent in this place.
 D = Time resting spent in this place.
 E = Time spent auto-exploring this place.
 F = Levels seen in this place.
 G = Mean time per level.
                   A        B        C        D        E       F      G
               +--------+--------+--------+--------+--------+-----+--------+
         Total |    515 |    515 |      0 |    115 |    348 |   1 |  515.0 |
       Dungeon |    515 |    515 |      0 |    115 |    348 |   1 |  515.0 |
               +--------+--------+--------+--------+--------+-----+--------+

Top non-repeatable levels by time:
     D:1: 515 daAuts
